Map: Abyssal Reef LE

Players

rafapras

  • Race: Protoss Protoss
  • League: Diamond
  • Spawn Location: 5:00

whiteness - Winner!

  • Race: Terran Terran
  • League: Diamond
  • Spawn Location: 11:00

VOD

Have the link to the VOD?

Description

Time

  • Played on: Dec. 2, 2017, 11:26 a.m.
  • Length: 7:16
Show
View Real Time Build Order
Export as new Build Order

rafapras Protoss 

Build Orders:  

Get SALT Encoding   

  12  0:01  Probe  
  13  0:13  Probe  
  14  0:22  Pylon  
  14  0:25  Probe  
  15  0:40  Probe  
  16  0:52  Probe  
  16  0:53  Gateway  
  16  0:54  Assimilator  
  17  1:04  Probe  
  18  1:16  Probe  
  18  1:28  Probe  
  19  1:40  Probe  
  19  1:44  Cybernetics Core  
  20  1:51  Nexus  
  20  1:56  Probe (Chrono Boost)  
  20  2:00  Assimilator  
  22  2:08  Probe (Chrono Boost)  
  22  2:11  Pylon  
  22  2:16  Probe  
  22  2:21  Warp Gate  
  25  2:30  Adept  
  25  2:31  Probe (Chrono Boost)  
  26  2:43  Probe (Chrono Boost)  
  25  3:06  Probe  
  25  3:08  Probe  
  27  3:18  Probe  
  28  3:20  Probe  
  28  3:26  Robotics Facility  
  29  3:29  Gateway  
  29  3:30  Probe  
  29  3:32  Probe  
  30  3:43  Probe  
  30  3:44  Probe  
  32  4:00  Probe x2  
  33  4:12  Probe (Chrono Boost)  
  35  4:19  Observer  
  35  4:21  Probe (Chrono Boost)  
  37  4:24  Probe (Chrono Boost)  
  37  4:25  Probe (Chrono Boost)  
  37  4:26  Probe  
  37  4:30  Forge  
  39  4:33  Gateway  
  39  4:34  Gateway  
  39  4:36  Probe  
  41  4:38  Probe  
  41  4:40  Twilight Council  
  41  4:45  Assimilator  
  41  4:48  Probe, Assimilator  
  41  4:50  Probe  
  41  4:51  Stalker  
  45  5:00  Probe (Chrono Boost), Pylon  
  45  5:04  Protoss Ground Weapons Level 1 (Chrono Boost)  
  46  5:15  Pylon  
  46  5:18  Probe (Chrono Boost), Blink (Chrono Boost)  
  46  5:20  Probe (Chrono Boost)  
  48  5:28  Stalker  
  48  5:30  Probe (Chrono Boost), Stalker  
  55  5:37  Probe x2 (Chrono Boost)  
  55  5:42  Probe, Warp Prism  
  56  5:44  Probe  
  59  5:50  Pylon  
  59  5:54  Probe  
  59  5:56  Probe, Gateway  
  61  5:59  Gateway  
  61  6:05  Pylon  
  61  6:06  Probe  
  62  6:12  Gateway  
  62  6:16  Stalker x3  
  68  6:24  Immortal (Chrono Boost)  
  72  6:43  Pylon  
  72  6:44  Pylon  
  72  6:47  Pylon  
  75  7:06  Zealot x5  
Show
View Real Time Build Order
Export as new Build Order

whiteness Terran - Winner!

Build Orders: Reaper Expand 

Get SALT Encoding   

  12  0:03  SCV  
  13  0:15  SCV  
  13  0:19  Supply Depot  
  14  0:27  SCV  
  15  0:40  SCV  
  16  0:43  Barracks  
  16  0:48  Refinery  
  16  0:52  SCV  
  17  1:05  SCV  
  18  1:17  SCV  
  19  1:31  Orbital Command  
  19  1:35  Reaper  
  20  1:47  Command Center  
  20  1:50  Refinery  
  20  1:56  SCV  
  21  2:07  Marine  
  22  2:08  SCV  
  23  2:21  Supply Depot  
  23  2:25  Factory  
  23  2:32  Barracks Reactor  
  23  2:43  SCV  
  24  2:55  SCV  
  25  3:14  Orbital Command  
  25  3:16  Barracks  
  25  3:17  Marine  
  25  3:18  Marine  
  25  3:19  Factory Reactor  
  27  3:23  Engineering Bay  
  27  3:28  SCV  
  28  3:35  Marine x2  
  28  3:40  SCV  
  31  3:43  SCV  
  32  3:52  SCV  
  33  4:02  Marine x2  
  34  4:10  SCV x2  
  36  4:20  Marine x2  
  36  4:22  SCV x2  
  40  4:25  Barracks Tech Lab  
  40  4:27  Terran Infantry Weapons Level 1  
  40  4:34  SCV, Missile Turret  
  40  4:35  SCV  
  40  4:37  Marine, Missile Turret  
  40  4:38  Marine  
  44  4:46  SCV  
  44  4:47  SCV  
  46  4:53  Supply Depot  
  46  4:58  Supply Depot  
  46  5:05  Engineering Bay  
  46  5:08  Missile Turret  
  46  5:10  Stimpack  
  46  5:14  Marine x2  
  46  5:15  SCV, Marauder, Cyclone  
  46  5:20  SCV, Barracks, Cyclone  
  58  5:22  Supply Depot  
  58  5:24  Refinery  
  58  5:27  SCV, Refinery  
  59  5:32  SCV, Marine  
  61  5:37  Starport  
  61  5:39  SCV  
  62  5:44  SCV  
  63  5:50  Cyclone  
  63  5:51  SCV  
  63  5:52  Cyclone  
  70  6:06  Supply Depot  
  70  6:16  Starport Reactor  
  70  6:28  SCV x2, Marine x2, Marauder  
  70  6:29  Supply Depot  
  70  6:32  Supply Depot  
  76  6:43  Barracks Reactor, Command Center  
  76  6:50  Marauder  
Tags
 
Add a new tag
Caveats
  • Supply blocks, unpowered buildings, or Contaminate may cause inaccurate times.
  • Supply counts are checked every 10 seconds.